AoeStats
← rookister

Black Forest

507846896Analyzed
4v4 RM · 11d ago on Sep 19, 2026· 45m 0s· 8 players
Game mode
Random Map
Map size
Large (8 player)
Population
200
Speed
Normal
Resources
Standard
Victory
Conquest
Starting age
Dark Age
Ending age
Imperial Age
RankedLock teamsTeams togetherTeam positionsShared explorationLock speedFull tech treeHidden civsTurbo modeCheats
Victory
Defeat
🇦🇷 Ethiopians · Argentina
1039
+12
🇦🇷 Teutons · Argentina
1022
+13
🇵🇰 Jurchens · Pakistan
1000
+14
🇵🇰 Franks · Pakistan
802
+22
🇹🇷 Spanish · Türkiye
962
-16
🇹🇷 Bohemians · Türkiye
962
-16
🇷🇴 Franks · Romania
954
-15
🇨🇱 Dravidians · Chile
930
-14
balintq
12:23 Feudal Age
17:12 Castle Age
17:38 Scale Barding Armor
17:51 Forging
17:30 Double-Bit Axe
18:19 Husbandry
22:39 Bow Saw
25:06 Chain Barding Armor
25:15 Gold Mining
25:15 Stone Mining
27:51 Gold Shaft Mining
28:43 Iron Casting
28:11 Squires
30:05 Wheelbarrow
31:22 Town Watch
31:23 Loom
31:02 Light Cavalry
31:31 Arson
32:22 Hand Cart
32:34 Town Patrol
32:41 Scale Mail Armor
32:36 Fletching
32:47 Padded Archer Armor
32:53 Caravan
35:20 Chain Mail Armor
35:01 Bodkin Arrow
35:21 Leather Archer Armor
37:41 Imperial Age
35:34 #83
37:57 Cavalier
39:29 Plate Barding Armor
39:54 Blast Furnace
39:25 Plate Mail Armor
39:29 Masonry
39:46 Ballistics
40:29 Chemistry
39:17 Arrowslits
39:46 Fortified Wall
39:33 Murder Holes
39:45 Siege Engineers
39:50 Chivalry
40:11 Conscription
39:12 Elite Throwing Axeman
39:52 Paladin
42:57 Hoardings
Neshandra
0:29 Loom
13:29 Feudal Age
14:45 Wheelbarrow
13:57 Double-Bit Axe
13:55 Horse Collar
22:38 Castle Age
23:40 Hand Cart
26:18 Bow Saw
26:26 Heavy Plow
26:50 Stone Mining
26:50 Gold Mining
27:10 Husbandry
27:20 Bloodlines
27:34 Hand Cart
28:18 Caravan
35:00 Imperial Age
34:07 Scale Barding Armor
34:13 Forging
35:37 Chain Barding Armor
35:07 Cavalier
36:27 Iron Casting
36:56 Two-Man Saw
36:37 Stone Shaft Mining
37:40 Paladin
39:05 Guilds
Exec.
1:31 Loom
13:43 Feudal Age
17:47 Castle Age
17:31 Horse Collar
17:40 Double-Bit Axe
18:47 Bow Saw
18:47 Heavy Plow
19:52 Wheelbarrow
25:21 Caravan
31:46 Imperial Age
29:33 Hand Cart
30:27 Fletching
30:38 Padded Archer Armor
31:00 Wagenburg Tactics
31:05 Bodkin Arrow
32:39 Leather Archer Armor
32:27 Bracer
32:36 Hussite Reforms
33:52 Two-Man Saw
33:42 Guilds
34:12 Ring Archer Armor
35:08 Chemistry
35:05 Siege Engineers
34:29 Elite Hussite Wagon
35:29 Conscription
35:16 Houfnice
37:38 Ballistics
37:30 Light Cavalry
ChumaPrime
4:55 Loom
11:20 Feudal Age
12:10 Double-Bit Axe
12:08 Horse Collar
12:18 Loom
20:43 Castle Age
22:03 Loom
25:56 Loom
27:30 Wheelbarrow
27:39 Heavy Plow
32:54 Imperial Age
31:28 Caravan
33:16 Bow Saw
34:31 Hand Cart
34:59 Ballistics
36:17 Padded Archer Armor
36:08 Fletching
38:46 Chemistry
37:56 Masonry
38:24 Town Watch
38:48 Elite Elephant Archer
41:55 Elite Urumi Swordsman
43:38 Forging
43:28 Scale Mail Armor
43:33 Scale Barding Armor
rookister
11:31 Feudal Age
16:39 Castle Age
15:31 Double-Bit Axe
17:22 Forging
17:19 Scale Barding Armor
19:59 Iron Casting
28:09 Chain Barding Armor
28:10 Bow Saw
29:25 Husbandry
28:48 Light Cavalry
33:35 Wheelbarrow
32:51 Loom
32:55 Town Watch
36:02 Imperial Age
34:37 Hand Cart
34:33 Town Patrol
36:07 Cavalier
39:36 Blast Furnace
39:12 Plate Barding Armor
39:44 Paladin
yeSenpai
5:33 Loom
12:32 Feudal Age
12:40 Feudal Age
17:33 Castle Age
15:23 Double-Bit Axe
15:19 Horse Collar
19:30 Bow Saw
20:32 Heavy Plow
20:49 Forging
28:28 Bloodlines
28:33 Scale Barding Armor
30:14 Iron Casting
29:55 Stone Mining
30:00 Gold Mining
31:10 Chain Barding Armor
31:54 Squires
31:40 Arson
31:58 Scale Mail Armor
35:25 Imperial Age
34:05 Wheelbarrow
33:17 Town Watch
33:33 Pikeman
34:33 Chain Mail Armor
35:18 Stone Mining
35:53 Hand Cart
35:45 Town Patrol
35:26 Cavalier
37:27 Blast Furnace
37:03 Plate Barding Armor
36:59 Plate Mail Armor
35:52 Elite Teutonic Knight
38:11 Two-Man Saw
37:56 Crenellations
37:55 Paladin
41:49 Halberdier
44:17 Fletching
stink
2:06 Loom
16:02 Feudal Age
20:23 Castle Age
19:02 Double-Bit Axe
19:05 Horse Collar
23:20 Wheelbarrow
34:20 Imperial Age
32:55 Stone Mining
32:58 Gold Mining
33:29 Bow Saw
33:53 Padded Archer Armor
36:14 Chemistry
38:25 Elite Skirmisher
39:46 Conscription
39:24 Fletching
39:50 Leather Archer Armor
40:00 Ballistics
40:04 Bodkin Arrow
41:54 Ring Archer Armor
41:40 Bracer
44:48 Siege Engineers
45:02 Thunderclap Bombs
KGUY1
0:27 Loom
12:10 Feudal Age
17:22 Castle Age
15:57 Stone Mining
15:54 Double-Bit Axe
15:51 Horse Collar
18:29 Bow Saw
22:26 Heavy Plow
26:30 Wheelbarrow
25:41 Town Watch
29:33 Gold Mining
32:45 Imperial Age
31:01 Scale Mail Armor
31:53 Gold Shaft Mining
32:38 Forging
32:44 Chain Mail Armor
33:20 Hand Cart
32:48 Capped Ram
34:34 Chemistry
33:40 Siege Engineers
34:24 Iron Casting
34:22 Conscription
35:53 Two-Man Saw
35:14 Royal Heirs
36:36 Blast Furnace
35:38 Siege Ram
36:18 Elite Shotel Warrior
37:38 Plate Mail Armor
36:59 Fletching
38:53 Torsion Engines
Connection lost

Rejoining the realm…

Still unreachable

The connection could not be restored.

Session expired

The server has moved on; the page needs a fresh start.